 Dungeon Crawl Stone Soup version 0.30-a0-782-ge64f9170bb (webtiles) character file.

Game seed: 6868471131306978901

68 M4edhros the Slasher (level 4, -4/29 HPs)
             Began as an Octopode Chaos Knight on Mar 1, 2023.
             Was a Plaything of Xom.
             Slain by Ijyb
             ... wielding a +3 club
              (6 damage)
             ... on level 3 of the Dungeon.
             The game lasted 00:02:31 (12044 turns).

M4edhros the Slasher (Octopode Chaos Knight)       Turns: 12044, Time: 00:02:32

Health: -4/29      AC:  1    Str: 10 (11) XL:     4   Next: 19%
Magic:  0/4        EV: 13    Int: 12 (14) God:    Xom [.....*]
Gold:   1290       SH:  4    Dex: 11 (13) Spells: 3/3 levels left

rFire   + . .      SeeInvis .    a - +0 falchion (chaos)
rCold   . . .      Faith    .    (no shield)
rNeg    . . .      Spirit   +    (helmet restricted)
rPois   .          Reflect  .    j - amulet of Ypad {Spirit Str+2}
rElec   .          Harm     .    (no ring)
rCorr   .          Rampage  .    (no ring)
Will    .....                    (no ring)
Stlth   ++                       (no ring)
HPRegen 0.24/turn                (no ring)
MPRegen 0.09/turn                (no ring)
                                 (no ring)
                                 (no ring)

@: no status effects
A: almost no armour, amphibious, 8 rings, camouflage 1, gelatinous body 1,
(nimble swimmer 1), tentacles, antennae 1, large bone plates 1, deterioration 2,
fire resistance 1, frail 1, weak 1
a: Renounce Religion


You were on level 3 of the Dungeon.
You worshipped Xom.
You were Xom's teddy bear.
You visited 1 branch of the dungeon, and saw 3 of its levels.

You collected 1290 gold pieces.

Inventory:

Hand Weapons
 a - a +0 falchion of chaos (weapon)
Jewellery
 j - the amulet of Ypad (around mantle) {Spirit Str+2}
   (You found it on level 2 of the Dungeon)

   [amulet of guardian spirit]

   It causes incoming damage to be divided between your reserves of health and
   magic.
   Str:       It affects your strength (+2).
Scrolls
 c - 2 scrolls of identify {unknown}
 e - 2 scrolls of teleportation {unknown}
 g - a scroll of magic mapping {unknown}
 h - a scroll of poison {unknown}
 i - a scroll of brand weapon {unknown}
 k - a scroll of amnesia {unknown}
 n - a scroll of acquirement {unknown}
 o - a scroll of immolation {unknown}
 p - a scroll of enchant weapon {unknown}
Potions
 d - a potion of cancellation {unknown}
 f - a potion of degeneration {unknown}
 l - 2 potions of might {unknown}
 m - a potion of haste {unknown}
Miscellaneous
 b - a piece from Xom's chessboard (15/15) (quivered)


   Skills:
 + Level 3.7 Fighting
 + Level 4.0 Long Blades
 + Level 2.9 Dodging


You had 3 spell levels left.
You didn't know any spells.
Your spell library contained the following spells:

 Spells                   Type           Power      Damage    Failure   Level
 Sublimation of Blood     Necr           0%         N/A       45%         2
 Wereblood                Tmut           0%         N/A       45%         2
 Inner Flame              Hex/Fire       0%         N/A       69%         3
 Flame Wave               Conj/Fire      0%         2d4       97%         4
 Sticky Flame             Conj/Fire      0%         2d3       97%         4
 Summon Hydra             Summ           0%         N/A       100%        7


Dungeon Overview and Level Annotations

Branches:
Dungeon (3/15)

Altars:
Cheibriados
Xom

Annotations:
D:3 Ijyb


Innate Abilities, Weirdness & Mutations

You cannot wear most types of armour.
You are amphibious.
You can wear up to eight rings at the same time.
Your skin changes colour to match your surroundings (Stealth+).
Your rubbery body absorbs attacks. (AC +1, EV +1)
((You are camouflaged when in or above water. (Stealth+)))
You have tentacles for arms and can constrict up to eight enemies at once.
You have a pair of small antennae on your head.
You are partially covered in large bone plates. (SH +4)
Your body often deteriorates upon taking damage.
Your flesh is heat resistant. (rF+)
You are frail. (-10% HP)
You are weak. (Str -2)


Message History

No target in view!
No target in view!
No target in view!
Found 5 stones.
You see here a +0 hand axe.
You see here 5 stones.
You sense a monster nearby.
Found 8 stones.
Ijyb the Twisted Goblin comes into view.
She is wielding a +3 club and carrying a wand of mindburst (7).
Ijyb is nearby!
Found a smoky yellow potion.
Ijyb shouts!
Ijyb hits you but does no damage.
You see here 8 stones.
You hit Ijyb but do no damage. You grab Ijyb.
You squeeze Ijyb, but do no damage. You constrict Ijyb.
Ijyb zaps a wand.
Your mind is blasted!
You are too injured to fight recklessly!
You are too injured to fight recklessly!
You are too injured to fight recklessly!
You are too injured to fight recklessly!
You are too injured to fight recklessly!
You barely miss Ijyb. You squeeze Ijyb.
Ijyb is lightly wounded.
You constrict Ijyb.
Ijyb zaps a wand.
You barely resist. You hit Ijyb but do no damage.
Ijyb goes berserk!
Xom thinks this is hilarious!
Ijyb is lightly wounded.
You constrict Ijyb, but do no damage. You block Ijyb's attack.
Ijyb hits you with a +3 club.
You hit Ijyb but do no damage.
Ijyb resists with some effort.
You squeeze Ijyb!
Ijyb is heavily wounded.
You hear the rusting of a very distant drain.
You constrict Ijyb, but do no damage. Ijyb hits you with a +3 club!
* * * LOW HITPOINT WARNING * * *
Your body deteriorates!
You feel weakened.
You hit Ijyb. You freeze Ijyb.
Ijyb is severely wounded.
You constrict Ijyb. Ijyb hits you with a +3 club.
You die...

..# 8.# ..# .8############
.⌠8..........# .......8.....#
#########....#
.<#.##.......#########.#
....##.......##.@g.....!
#......#'######.#################
#......#.# #..................
#......#.#### ###############.###
#......#.##.# #.#
.......#.##.#################.##
...........>........)......(...#
.....#.####.####################
.....#.# #.#...........#


You could see Ijyb (berserk).

Vanquished Creatures
  2 adders (D:2)
  A dart slug (D:1)
  5 orcs
  4 endoplasms
  2 giant cockroaches
  2 hobgoblins
  7 jackals (D:1)
  2 quokkas
  A ball python (D:1)
  6 bats
  2 goblins
  2 kobolds
  3 rats
39 creatures vanquished.

Notes
Turn   | Place    | Note
-------+----------+-------------------------------------------
     0 | D:1      | M4edhros the Octopode Chaos Knight began the quest for the
                  | Orb.
     0 | D:1      | Reached XP level 1. HP: 16/16 MP: 1/1
    91 | D:1      | Reached XP level 2. HP: 21/21 MP: 2/2
   374 | D:1      | Found a faded altar of an unknown god.
   537 | D:1      | XOM: divination: detect creatures
   586 | D:1      | Reached XP level 3. HP: 26/26 MP: 3/3
   800 | D:1      | XOM: divination: magic mapping
  1265 | D:1      | XOM is BORED!
  1583 | D:1      | XOM: noise
  1887 | D:1      | XOM: god gift: 17 gold pieces
  2136 | D:1      | XOM: give mutations
  2136 | D:1      | Gained mutation: You are weak. (Str -2) [Xom's mischief]
  2136 | D:1      | Gained mutation: Your body sometimes deteriorates upon
                  | taking damage. [Xom's mischief]
  2136 | D:1      | Gained mutation: You are frail. (-10% HP) [Xom's mischief]
  3880 | D:1      | XOM: noise
  4687 | D:1      | XOM: summons 1 hostile demon
  4994 | D:1      | Glimpsed the power of Zot.
  5214 | D:1      | XOM is BORED!
  5214 | D:1      | XOM: noise
  5406 | D:1      | XOM: summons 1 hostile demon
  5493 | D:1      | Glimpsed the power of Zot.
  5893 | D:1      | Glimpsed the power of Zot.
  5908 | D:2      | XOM: 1-stop teleportation journey
  5948 | D:2      | Found a snail-covered altar of Cheibriados.
  6025 | D:2      | Identified the amulet of Ypad {Spirit Str+2}
  6052 | D:2      | XOM: 8-stop teleportation journey
  6398 | D:2      | Reached XP level 4. HP: 29/29 MP: 4/4
  6401 | D:2      | XOM: smoke on damage
  6403 | D:2      | Reached skill level 4 in Long Blades
  7107 | D:2      | XOM: noise
  8461 | D:2      | XOM: cloud trail
  8984 | D:2      | XOM: stat loss: -1 Dex (11/13)
  9005 | D:2      | XOM: give mutations
  9005 | D:2      | Gained mutation: You are very frail. (-20% HP) [Xom's
                  | mischief]
  9005 | D:2      | Lost mutation: You are very frail. (-20% HP) [Xom's
                  | mischief]
  9005 | D:2      | Gained mutation: Your body often deteriorates upon taking
                  | damage. [Xom's mischief]
  9005 | D:2      | Gained mutation: You are very frail. (-20% HP) [Xom's
                  | mischief]
  9344 | D:2      | XOM: god gift: 1174 gold pieces
  9627 | D:2      | XOM: give mutations
  9627 | D:2      | Gained mutation: You have a pair of small antennae on your
                  | head. [Xom's grace]
  9627 | D:2      | Gained mutation: Your flesh is heat resistant. (rF+) [Xom's
                  | grace]
  9627 | D:2      | Lost mutation: You are very frail. (-20% HP) [Xom's grace]
  9627 | D:2      | Gained mutation: You are partially covered in large bone
                  | plates. (SH +4) [Xom's grace]
 10006 | D:2      | XOM: scenery: summon butterflies
 10087 | D:2      | XOM: scenery: create altars
 10485 | D:2      | XOM is BORED!
 10726 | D:2      | XOM: 5-stop teleportation journey
 10952 | D:2      | XOM: cloud trail
 10991 | D:2      | Glimpsed the power of Zot.
 11491 | D:2      | Glimpsed the power of Zot.
 11891 | D:2      | Glimpsed the power of Zot.
 12038 | D:3      | Noticed Ijyb
 12044 | D:3      | Slain by Ijyb

Illustrated notes

Levels and vault maps discovered:
D:1:      ncdulo_watergridlock, layout_basic, ebering_ecumenical_altar_mist,
          serial_rivers, chequers_serial_rivers_large_b,
          chequers_serial_rivers_micro_b, chequers_serial_rivers_small_a,
          chequers_serial_rivers_room_b, chequers_serial_rivers_micro_d,
          chequers_serial_rivers_small_3, roderic_roman_lattice
D:2:      layout_basic, basic_altar, minmay_box_of_dots
D:3:      layout_basic, portal_sewer_entry_e, chequers_decorated_corner,
          uniq_ijyb, uniq_natasha, uniq_robin

Skill      XL: |  1  2  3  4 |
---------------+-------------+-----
Long Blades    | 4 |  4.0
Fighting       | |  3.7
Dodging        | |  2.9

Action                     |  1- 3 |  4- 6 || total
---------------------------+-------+-------++-------
  Melee: Falchion          |    66 |    17 ||    83
         Constrict         |    20 |     5 ||    25
         Tentacles         |    18 |     7 ||    25
   Stab: Sleeping          |     5 |       ||     5
 Armour: Skin              |    11 |     1 ||    12
  Dodge: Dodged            |    58 |     6 ||    64
  Block: Other             |       |     1 ||     1

Table legend: (Time is in decaauts)
 A = Elapsed time spent in this place.
 B = Non-inter-level travel time spent in this place.
 C = Inter-level travel time spent in this place.
 D = Time resting spent in this place.
 E = Time spent auto-exploring this place.
 F = Levels seen in this place.
 G = Mean time per level.
                   A        B        C        D        E       F      G
               +--------+--------+--------+--------+--------+-----+--------+
         Total |  12053 |  11911 |    142 |  10121 |   1514 |   3 | 4017.7 |
       Dungeon |  12053 |  11911 |    142 |  10121 |   1514 |   3 | 4017.7 |
               +--------+--------+--------+--------+--------+-----+--------+

Top non-repeatable levels by time:
     D:2: 6000 daAuts
     D:1: 5901 daAuts
     D:3: 151 daAuts
